 Seeded DCSS version 0.29-a0-1023-g6ae1a4a2c7 (webtiles) character file.

Game seed: 20220811 (custom seed)

16 flotson the Sneak (level 2, -3/24 HPs)
             Began as a Demonspawn Delver on Aug 11, 2022.
             Slain by an orc
             ... wielding a +0 mace
              (7 damage)
             ... on level 4 of the Dungeon.
             The game lasted 00:01:05 (224 turns).

flotson the Sneak (Demonspawn Delver)                Turns: 224, Time: 00:01:06

Health: -3/24      AC:  5    Str: 12    XL:     2   Next: 41%
Magic:  2/2        EV: 12    Int: 11    God:
Gold:   27         SH:  0    Dex: 14    Spells: 1/1 levels left

rFire   . . .      SeeInvis .   a - +0 hand axe
rCold   . . .      Faith    .   (no shield)
rNeg    . . .      Spirit   .   b - +0 leather armour
rPois   .          Reflect  .   (no helmet)
rElec   .          Harm     .   (no cloak)
rCorr   .          Rampage  .   (no gloves)
Will    .....                   (no boots)
Stlth   ++........              (no amulet)
HPRegen 0.08/turn               (no ring)
MPRegen 0.08/turn               (no ring)

@: no status effects
A: thin metallic scales 1
a: no special abilities


You were on level 4 of the Dungeon.
You visited 1 branch of the dungeon, and saw 2 of its levels.

You collected 27 gold pieces.

Inventory:

Hand Weapons
 a - a +0 hand axe (weapon)
Armour
 b - a +0 leather armour (worn)
Wands
 g - a wand of digging (3)
Scrolls
 c - 2 scrolls of fog
 d - a scroll of magic mapping
 e - a scroll of fear
 f - a scroll of immolation {unknown}
 h - a scroll of amnesia {unknown}


   Skills:
 + Level 3.1 Fighting
 + Level 2.0 Axes
 + Level 0.6 Armour
 + Level 2.0 Dodging
 - Level 4.5 Stealth
 + Level 0.7 Evocations


You had one spell level left.
You didn't know any spells.
Your spell library was empty.

Dungeon Overview and Level Annotations

Branches:
Dungeon (5/15)
 Temple: D:4-7

Altars:


Innate Abilities, Weirdness & Mutations

You are partially covered in thin metallic scales. (AC +2)


Message History

The orc is moderately wounded.
The orc hits you with a +0 hand axe.
You hit the orc.
The orc is almost dead.
The orc hits you with a +0 hand axe. The orc hits you but does no damage.
You closely miss the orc.
The orc is almost dead.
The orc hits you with a +0 hand axe.
You slash the orc!
You kill the orc!
You hit the orc but do no damage. The orc misses you.
You closely miss the orc. The orc closely misses you.
You barely miss the orc. The orc hits you with a +0 mace! The orc misses you.
You are too injured to fight recklessly!
You are too injured to fight recklessly!
You are too injured to fight recklessly!
You are too injured to fight recklessly!
You are too injured to fight recklessly!
You are too injured to fight recklessly!
You are too injured to fight recklessly!
You hit the orc. You punch the orc, but do no damage.
The orc is lightly wounded.
The orc hits you but does no damage.
You hit the orc.
The orc is heavily wounded.
The orc hits you with a +0 mace.
You barely miss the orc.
The orc is heavily wounded.
The orc closely misses you.
You barely miss the orc.
The orc is heavily wounded.
The orc barely misses you.
You hit the orc but do no damage.
The orc is heavily wounded.
The orc hits you but does no damage. The orc hits you with a +0 mace.
* * * LOW HITPOINT WARNING * * *
You hit the orc but do no damage.
The orc is heavily wounded.
The orc hits you with a +0 mace!
You die...

..... .../ #...##
####..... ........#
....o....
........############
..o........o@......#
.#####.##########..#####
#..## ..... ##..# ##.. #
##.# #.### #####.######
#....
#..........############..
#.......................#
#......>...........######


You could see an orc.

Vanquished Creatures
  An adder (D:4)
  An orc (D:4)
  A goblin (D:4)
  3 hobgoblins (D:4)
6 creatures vanquished.

Notes
Turn   | Place    | Note
-------+----------+-------------------------------------------
     0 | D:5      | flotson the Demonspawn Delver began the quest for the Orb.
     0 | D:5      | Reached XP level 1. HP: 18/18 MP: 1/1
    29 | D:5      | Noticed an orc wizard
    29 | D:5      | Noticed an orc wizard
    44 | D:4      | Gained mutation: You are partially covered in thin metallic
                  | scales. (AC +2) [demonic ancestry]
    44 | D:4      | Reached XP level 2. HP: 19/24 MP: 2/2
   224 | D:4      | Slain by an orc

Illustrated notes

Levels and vault maps discovered:
D:4:      layout_rooms, uniq_menkaure
D:5:      layout_cave_pools, zin_academy, nicolae_ossuary_entry_ruins,
          due_unseen_surprise

Skill      XL: |  1  2 |
---------------+-------+-----
Axes           | 2 |  2.0
Dodging        | 2 |  2.0
Fighting       | |  3.1
Armour         | |  0.6
Stealth        | |  4.5
Evocations     | |  0.7

Action                   || total
-------------------------++-------
Melee: Hand axe          ||    31
       Punch             ||     1
  Use: Potion            ||     1
Armor: Leather armour    ||     9
Dodge: Dodged            ||    15

Table legend: (Time is in decaauts)
 A = Elapsed time spent in this place.
 B = Non-inter-level travel time spent in this place.
 C = Inter-level travel time spent in this place.
 D = Time resting spent in this place.
 E = Time spent auto-exploring this place.
 F = Levels seen in this place.
 G = Mean time per level.
                   A        B        C        D        E       F      G
               +--------+--------+--------+--------+--------+-----+--------+
         Total |    215 |    215 |      0 |      0 |    123 |   2 |  107.5 |
       Dungeon |    215 |    215 |      0 |      0 |    123 |   2 |  107.5 |
               +--------+--------+--------+--------+--------+-----+--------+

Top non-repeatable levels by time:
     D:4: 183 daAuts
     D:5: 32 daAuts
